 Dungeon Crawl Stone Soup version 0.22.1-2-g9c5b331 (webtiles) character file.

105 HerrDoktor the Chopper (level 4, -1/41 HPs)
             Began as a Hill Orc Abyssal Knight on Dec 25, 2018.
             Was a Believer of Lugonu.
             Killed by divine providence
             ... invoked by an orc priest
              (10 damage)
             ... on level 2 of the Dungeon.
             The game lasted 00:08:48 (3111 turns).

HerrDoktor the Chopper (Hill Orc Abyssal Knight)    Turns: 3111, Time: 00:08:48

Health: -1/41      AC:  5    Str: 15    XL:     4   Next: 83%
Magic:  5/5        EV: 11    Int: 12    God:    Lugonu [**....]
Gold:   97         SH:  0    Dex: 10    Spells: 3/3 levels left

rFire    . . .     SeeInvis .   a - +1 hand axe
rCold    . . .     Gourm    .   (no shield)
rNeg     . . .     Faith    .   b - +0 leather armour
rPois    .         Spirit   .   l - +1 helmet
rElec    .         Reflect  .   (no cloak)
rCorr    .         Harm     .   (no gloves)
MR       .....                  (no boots)
Stlth    +.........             (no amulet)
HPRegen  0.13/turn              (no ring)
MPRegen  0.09/turn              (no ring)

@: no status effects
A: no striking features
a: Depart the Abyss, Bend Space, Renounce Religion, Convert to Beogh


You were on level 2 of the Dungeon.
You worshipped Lugonu.
Lugonu was pleased with you.
You were very hungry.

You visited 1 branch of the dungeon, and saw 2 of its levels.
You visited the Abyss 1 time.

You collected 97 gold pieces.

Inventory:

Hand Weapons
 a - a +1 hand axe (weapon)
Missiles
 g - 120 stones
 j - 26 sling bullets
 m - 2 tomahawks (quivered)
Armour
 b - a +0 leather armour (worn)
 l - a +1 helmet (worn)
Wands
 s - a wand of iceblast (8)
Scrolls
 f - a scroll of enchant armour {unknown}
 i - a scroll of amnesia
 o - a scroll of teleportation {unknown}
 p - a scroll of fear {unknown}
 q - 2 scrolls of identify
 r - a scroll of remove curse {unknown}
Potions
 d - a potion of magic {unknown}
 e - a potion of heal wounds {unknown}
 h - a potion of brilliance {unknown}
 k - a potion of resistance {unknown}
 n - a potion of ambrosia {unknown}
Comestibles
 c - 3 rations


   Skills:
 + Level 4.3 Fighting
 * Level 4.9 Axes
 + Level 2.7 Armour
 + Level 1.5 Dodging
 + Level 2.6 Invocations


You had 3 spell levels left.
You didn't know any spells.
Your spell library was empty.

Dungeon Overview and Level Annotations

Branches:
Dungeon (2/15)

Altars:
Elyvilon
Uskayaw
Yredelemnul

Annotations:
D:2 Robin


Message History

(press Y on the ability menu to convert to Beogh)
You hit the orc.
The orc is heavily wounded.
The orc hits you with a vampiric whip.
The orc draws strength from your wounds!
The orc priest looks encouraged for a moment.
Press: ? - help, v - describe, . - travel
Here: an orc, wielding a vampiric whip An open door, spattered with blood.
The orc priest mumbles some strange prayers to Beogh against you.
Beogh smites you!
You hear some strange, mumbled words.
Space bends around you!
You blink.
There is an open door here.
The orc priest calls down the wrath of Beogh upon you.
Beogh smites you!
* * * LOW HITPOINT WARNING * * *
The orc priest calls down the wrath of Beogh upon you.
Beogh smites you!
You die...

.......##.# #.#.#..##.#
##........######## #.#.#..##.#
###.......>.....# #.#.#..##.#
#...#########.# #.#.#..##.# #.###
#.# #.#....##.# ##'## #.#
#.........# ##...## #.#
#####.##### ##.....## ###.####
#.## #.......## ##.#@...# ##..##
........o####.o...#.######....###
.........o..o....................
.........####...##.####........##
#.......## ##.###.# #........#
##.....## #####.####........#
##...## #...##........### ##'##
#.####.###....# ####.# #.# #.#
#.##.#


You could see an orc priest and 2 orcs.

Vanquished Creatures
  3 adders (D:2)
  A worm (D:2)
  2 dart slugs
  2 leopard geckos (D:2)
  4 giant cockroaches
  13 goblins
  11 hobgoblins
  4 jackals
  4 bats
  3 frilled lizards
  7 kobolds
  9 rats
63 creatures vanquished.

Vanquished Creatures (others)
  A withered plant (D:2)
1 creature vanquished.

Grand Total: 64 creatures vanquished

Notes
Turn   | Place    | Note
-------+----------+-------------------------------------------
     0 | Abyss:1  | HerrDoktor the Hill Orc Abyssal Knight began the quest for
                  | the Orb.
     0 | Abyss:1  | Reached XP level 1. HP: 19/19 MP: 2/2
    59 | Abyss:1  | Noticed a small abomination
    61 | D:1      | Escaped the Abyss
   289 | D:1      | Reached XP level 2. HP: 22/27 MP: 3/3
   777 | D:1      | Reached skill level 1 in Dodging
  1268 | D:1      | Reached * piety under Lugonu
  1268 | D:1      | Reached XP level 3. HP: 23/33 MP: 4/4
  1719 | D:2      | Noticed a dagger
  1720 | D:2      | Found a hide-covered altar of Uskayaw.
  1720 | D:2      | Noticed a hand axe
  1897 | D:2      | Found a basalt altar of Yredelemnul.
  2090 | D:2      | Found a white marble altar of Elyvilon.
  2146 | D:2      | Reached XP level 4. HP: 38/40 MP: 5/5
  2430 | D:2      | Reached ** piety under Lugonu
  2582 | D:2      | Noticed Robin
  3111 | D:2      | Killed from afar by an orc priest

Skill      XL: |  1  2  3 |
---------------+----------+-----
Axes           | 3 4 |  4.9
Dodging        | 1 |  1.5
Fighting       | 4 |  4.3
Armour         | |  2.7
Invocations    | |  2.6

Action                   |  1- 3 |  4- 6 || total
-------------------------+-------+-------++-------
Melee: Hand axe          |   141 |    91 ||   232
Throw: Tomahawk          |       |     4 ||     4
Invok: Depart the Abyss  |     1 |       ||     1
       Bend Space        |       |     1 ||     1
  Use: Scroll            |     3 |       ||     3
  Eat: Chunk             |     3 |     3 ||     6
Armor: Leather armour    |    39 |    25 ||    64
Dodge: Dodged            |    88 |    49 ||   137
